 Dungeon Crawl Stone Soup version 0.29.1-15-g9cfb28693d (webtiles) character file.

Game seed: 2395547618259456938

2916 BuddhaDhamma the Severer (level 9, -16/105 HPs)
             Began as a Minotaur Berserker on Mar 14, 2023.
             Was an Elder of Trog.
             Demolished by a skeletal warrior
             ... wielding a +0 halberd
              (27 damage)
             ... on level 8 of the Dungeon.
             The game lasted 00:12:44 (6507 turns).

BuddhaDhamma the Severer (Minotaur Berserker)       Turns: 6507, Time: 00:12:45

Health: -16/105    AC: 14    Str: 32    XL:     9   Next: 50%
Magic:  8/8        EV: 13    Int:  4    God:    Trog [****..]
Gold:   412        SH:  0    Dex: 10    Spells: 8/8 levels left

rFire   . . .      SeeInvis .   d - +10 battleaxe of a Million Thickets {vorpal, Contam Drain rElec rPois}
rCold   . . .      Faith    .   (shield currently unavailable)
rNeg    . . .      Spirit   .   r - +0 chain mail
rPois   +          Reflect  .   (helmet restricted)
rElec   +          Harm     .   p - +2 cloak
rCorr   .          Rampage  .   x - +1 pair of gloves
Will    .....                   (no boots)
Stlth   ..........              (no amulet)
HPRegen 0.27/turn               a - +6 ring of strength
MPRegen 0.11/turn               o - +4 ring of evasion

@: berserking, very quick
A: horns 2, retaliatory headbutt
a: Renounce Religion, Berserk, Trog's Hand, Brothers in Arms


You were on level 8 of the Dungeon.
You worshipped Trog.
Trog was greatly pleased with you.
You visited 1 branch of the dungeon, and saw 8 of its levels.
You also visited: Ossuary.

You collected 412 gold pieces.

Inventory:

Hand Weapons
 d - the +10 battleaxe of a Million Thickets (weapon) {vorpal, Contam Drain rElec rPois}
   (You acquired it on level 4 of the Dungeon)

   It inflicts extra damage upon your enemies.
   rElec:     It insulates you from electricity.
   rPois:     It protects you from poison.
   Contam:    It causes magical contamination when unequipped.
   Drain:     It drains your maximum health when unequipped.
Armour
 p - a +2 cloak (worn)
 r - a +0 chain mail (worn)
 x - a +1 pair of gloves (worn)
Jewellery
 a - a +6 ring of strength (left hand)
 f - a ring of positive energy
 o - a +4 ring of evasion (right hand)
Wands
 t - a wand of digging (2)
 w - a wand of iceblast (6)
Scrolls
 c - a scroll of blinking
 h - 3 scrolls of teleportation
 j - 2 scrolls of vulnerability
 m - 4 scrolls of magic mapping
 s - a scroll of poison
 u - 3 scrolls of identify
 y - a scroll of fear {unknown}
Potions
 b - 4 potions of attraction
 e - 8 potions of curing
 g - a potion of invisibility
 i - a potion of haste
 k - 4 potions of brilliance
 l - a potion of cancellation
 n - a potion of lignification
 q - 3 potions of mutation
 v - a potion of might


   Skills:
 - Level 3.6 Fighting
 + Level 15.8 Axes
 - Level 2.4 Armour
 - Level 2.1 Dodging


You had 8 spell levels left.
You didn't know any spells.
Your spell library was empty.

Dungeon Overview and Level Annotations

Branches:
Dungeon (8/15)             Temple (0/1) D:7         Ossuary (visited)
   Lair: D:8-11

Altars:
Ashenzari

Shops:
D:7 *


Innate Abilities, Weirdness & Mutations

You have a pair of horns on your head.
You reflexively headbutt those who attack you in melee.


Message History

The skeletal warrior is lightly damaged.
You slice the skeletal warrior!!
Your headbutt misses the skeletal warrior.
The skeletal warrior is heavily damaged.
A skeletal warrior comes into view. It is wielding a +0 battleaxe.
The skeletal warrior hits you with a +0 hand axe!!
You slash the skeletal warrior!
Your headbutt misses the skeletal warrior.
The skeletal warrior is almost destroyed.
The skeletal warrior hits you with a +0 hand axe!
You closely miss the skeletal warrior.
The skeletal warrior is almost destroyed.
You barely miss the skeletal warrior.
You headbutt the skeletal warrior, but do no damage.
The skeletal warrior is almost destroyed.
The skeletal warrior hits you but does no damage.
You barely miss the skeletal warrior.
The skeletal warrior is almost destroyed.
The skeletal warrior hits you with a +0 hand axe.
You closely miss the skeletal warrior.
The skeletal warrior is almost destroyed.
You slice the skeletal warrior!!
You feel the power of Trog in you as your rage grows.
You destroy the skeletal warrior!
Trog accepts your kill.
Your Axes skill increases to level 15!
You slice the skeletal warrior!!
The skeletal warrior is heavily damaged.
You slash the skeletal warrior!
You headbutt the skeletal warrior, but do no damage.
The skeletal warrior is severely damaged.
The skeletal warrior hits you with a +0 dire flail!
You hit the skeletal warrior.
The skeletal warrior is severely damaged.
You slice the skeletal warrior!!
The skeletal warrior is almost destroyed.
The skeletal warrior hits you with a +0 dire flail!!
* * * LOW HITPOINT WARNING * * *
The skeletal warrior hits you from afar with a +0 halberd!!
You die...

#####...............+.#
#...............#.....#
#........####...#..)..#
#........# #...#..)).#
#........####+..#.).).#
#........#......#.....#
#........#.......)....#
#........#.....####.#.#
#############@## #.#.#
#z# #.#.# #z# #.#.# #z#
#...# #z. #.### ... ###
##. .#


You could see 4 skeletal warriors.

Vanquished Creatures
  A skeletal warrior (D:8)
  A polar bear (D:8)
  Sigmund (D:6)
  A water moccasin (D:4)
  Duvessa (D:5)
  A sky beast (D:7)
  An ice beast (D:7)
  An ogre (D:6)
  2 phantoms
  A bullfrog (D:7)
  Blork the orc (D:5)
  A scorpion (D:7)
  3 wights (D:7)
  Dowan (D:5)
  3 centaur zombies (Ossuary)
  A human zombie (Ossuary)
  3 hounds (D:6)
  2 jellies
  3 orc priests (D:8)
  3 iguanas
  8 orc wizards
  2 mummies (Ossuary)
  4 gnolls (D:7)
  11 adders
  A shadow imp (D:5)
  2 ufetubi (D:8)
  A worm (D:3)
  3 dart slugs
  20 orcs
  3 ball pythons
  11 endoplasms
  4 giant cockroaches
  6 goblins
  11 hobgoblins
  4 jackals (D:2)
  5 quokkas
  4 bats
  2 frilled lizards
  2 goblin zombies (Ossuary)
  11 hobgoblin zombies (Ossuary)
  2 jackal zombies (Ossuary)
  5 kobolds
  8 kobold zombies (Ossuary)
  5 orc zombies (Ossuary)
  6 rats
  4 rat zombies (Ossuary)
177 creatures vanquished.

Notes
Turn   | Place    | Note
-------+----------+-------------------------------------------
     0 | D:1      | BuddhaDhamma the Minotaur Berserker began the quest for the
                  | Orb.
     0 | D:1      | Reached XP level 1. HP: 19/19 MP: 0/0
    59 | D:1      | Reached skill level 4 in Axes
   240 | D:1      | Reached XP level 2. HP: 23/26 MP: 1/1
   993 | D:2      | Reached skill level 5 in Axes
   994 | D:2      | Reached ** piety under Trog
   999 | D:2      | Reached XP level 3. HP: 29/31 MP: 2/2
  1471 | D:2      | Reached XP level 4. HP: 38/39 MP: 3/3
  1485 | D:2      | Reached skill level 6 in Axes
  1674 | D:2      | Found a faded altar of an unknown god.
  2290 | D:3      | Reached skill level 7 in Axes
  2290 | D:3      | Reached XP level 5. HP: 18/45 MP: 4/4
  3078 | D:4      | Noticed a water moccasin
  3085 | D:4      | Killed a water moccasin
  3086 | D:4      | Reached skill level 8 in Axes
  3086 | D:4      | Reached XP level 6. HP: 51/51 MP: 5/5
  3096 | D:4      | Reached *** piety under Trog
  3122 | D:4      | Found a sand-covered staircase.
  3134 | Ossuary  | Entered an ossuary
  3280 | Ossuary  | Reached skill level 9 in Axes
  3422 | D:4      | Reached **** piety under Trog
  3614 | D:4      | Reached XP level 7. HP: 49/57 MP: 6/6
  3896 | D:4      | Identified a scroll of acquirement
  3896 | D:4      | Acquired the +10 battleaxe of a Million Thickets {vorpal,
                  | Contam Drain rElec rPois}
  3902 | D:5      | Entered Level 5 of the Dungeon
  4010 | D:5      | Reached skill level 10 in Axes
  4061 | D:5      | Noticed Duvessa
  4066 | D:5      | Noticed Dowan
  4069 | D:5      | Killed Duvessa
  4071 | D:5      | Killed Dowan
  4222 | D:5      | Reached skill level 11 in Axes
  4308 | D:5      | Noticed Blork the orc
  4315 | D:5      | Killed Blork the orc
  4395 | D:6      | Noticed Sigmund
  4398 | D:6      | Killed Sigmund
  4399 | D:6      | Reached XP level 8. HP: 51/64 MP: 7/7
  4401 | D:6      | Reached skill level 12 in Axes
  5227 | D:7      | Reached skill level 13 in Axes
  5287 | D:7      | Found Leuseacs's General Store.
  5546 | D:7      | Reached skill level 14 in Axes
  5560 | D:7      | Found a staircase to the Ecumenical Temple.
  5613 | D:7      | Reached XP level 9. HP: 70/70 MP: 8/8
  5781 | D:7      | Found a broken altar of Ashenzari.
  6079 | D:8      | Noticed a polar bear
  6088 | D:8      | Killed a polar bear
  6314 | D:8      | Reached ***** piety under Trog
  6375 | D:8      | Noticed a skeletal warrior
  6490 | D:8      | Noticed a skeletal warrior
  6492 | D:8      | Noticed a skeletal warrior
  6492 | D:8      | Noticed a skeletal warrior
  6497 | D:8      | Noticed a skeletal warrior
  6503 | D:8      | Killed a skeletal warrior
  6504 | D:8      | Reached skill level 15 in Axes
  6507 | D:8      | Demolished by a skeletal warrior

Illustrated notes

Levels and vault maps discovered:
D:1:      dpeg_arrival_court, layout_basic, grunt_decor_clamped,
          nicolae_kite_square_tiling_tiny
D:2:      layout_basic, shapermc_ecumenical_altar_ellora
D:3:      layout_loops_cross, minmay_bisected
D:4:      layout_basic, nicolae_ossuary_entry_monument,
          chequers_serial_rivers_large_a, nicolae_titane
D:5:      layout_basic, uniq_duvessa, uniq_blork_the_orc
D:6:      layout_loops_ring, chequers_serial_rivers_micro_e, water_boxes_lemuel,
          uniq_sigmund
D:7:      layout_basic, cheibrodos_ashenzari_chains,
          minmay_temple_entry_butterflies, serial_shops, nicolae_shop_waterfront
D:8:      kennysheep_windowed_halls, layout_basic, serial_ice, serial_ice_c,
          serial_ice_d, serial_ice_n, serial_ice_a, serial_ice_h, serial_ice_o,
          nicolae_water_bricks, uniq_pikel

Skill      XL: |  1  2  3  4  5  6  7  8  9 |
---------------+----------------------------+-----
Axes           | 4 5 7 8 9 11 14 15 | 15.8
Fighting       | |  3.6
Armour         | |  2.4
Dodging        | |  2.1

Action                   |  1- 3 |  4- 6 |  7- 9 || total
-------------------------+-------+-------+-------++-------
Melee: Hand axe          |    79 |   182 |     6 ||   267
       Headbutt          |     9 |    34 |    12 ||    55
       Punch             |       |     2 |       ||     2
       Battleaxe         |       |       |   112 ||   112
Invok: Berserk           |       |     2 |     1 ||     3
  Use: Scroll            |       |    11 |     8 ||    19
Armor: Leather armour    |     9 |       |       ||     9
       Ring mail         |    21 |    12 |       ||    33
       Chain mail        |       |    69 |    61 ||   130
Dodge: Dodged            |    53 |    68 |    59 ||   180
